 Dungeon Crawl Stone Soup version 0.22-a0-833-g8522bf8125 (webtiles) character file.

134 LLavrengius the Changer (level 5, -10/34 HPs)
             Began as an Octopode Transmuter on July 25, 2018.
             Splashed by Ijyb's acid (14 damage)
             ... on level 3 of the Dungeon.
             The game lasted 00:14:40 (2720 turns).

LLavrengius the Changer (Octopode Transmuter)       Turns: 2720, Time: 00:14:43

Health: -10/34     AC:  1    Str:  9    XL:     5   Next: 17%
Magic:  2/8        EV: 13    Int: 16    God:
Gold:   137        SH:  0    Dex: 13    Spells: 2/8 levels left

rFire    . . .     SeeInvis .   p - +2 short sword (venom)
rCold    . . .     Gourm    .   (no shield)
rNeg     . . .     Faith    .   (helmet restricted)
rPois    .         Spirit   .   (no amulet)
rElec    .         Reflect  .   k - +2 ring of slaying
rCorr    .         Harm     .   (no ring)
MR       .....                  (no ring)
Stlth    ++........             (no ring)
HPRegen  0.11/turn              (no ring)
MPRegen  0.11/turn              (no ring)
                                (no ring)
                                (no ring)

@: appendage
A: almost no armour, stealthy swim, amphibious, 8 rings, constrict 8, tentacle
spike 3, camouflage 1, gelatinous body 1
a: End Transformation


You were on level 3 of the Dungeon.
You were not hungry.
One of your tentacles had a temporary spike.
You visited 1 branch of the dungeon, and saw 3 of its levels.

You collected 137 gold pieces.

Inventory:

Hand Weapons
 f - a +0 hunting sling
 p - a +2 short sword of venom (weapon)
Missiles
 a - 36 arrows
 j - 61 stones (quivered)
Jewellery
 k - a +2 ring of slaying (left tentacle)
Wands
 n - a wand of flame (27)
Scrolls
 e - a scroll of fog {unknown}
 g - 3 scrolls of remove curse {unknown}
 h - a scroll of teleportation {unknown}
 i - a scroll of blinking {unknown}
 l - a scroll of magic mapping {unknown}
 m - 2 scrolls of identify {unknown}
Potions
 b - a potion of heal wounds {unknown}
 d - a potion of haste {unknown}
Comestibles
 c - 6 rations
 o - 2 chunks of flesh


   Skills:
 + Level 2.2 Fighting
 - Level 2.0 Dodging
 + Level 3.6 Unarmed Combat
 - Level 2.0 Spellcasting
 * Level 3.8 Transmutations
 * Level 1.6 Poison Magic


You had 2 spell levels left.
You knew the following spells:

 Your Spells              Type           Power        Failure   Level  Hunger
a - Beastly Appendage     Tmut           ##....       4%          1    #......
b - Sticks to Snakes      Tmut           ##......     7%          2    ###....
c - Spider Form           Tmut/Pois      ##........   21%         3    ###....

Your spell library contained the following spells:

 Spells                   Type           Power        Failure   Level  Hunger
 Blade Hands              Tmut           ##........   77%         5    ######.
 Ice Form                 Ice/Tmut       #.......     67%         4    #####..


Dungeon Overview and Level Annotations

Branches:
Dungeon (3/15)

Altars:
Kikubaaqudgha

Annotations:
D:3 Ijyb


Innate Abilities, Weirdness & Mutations

You cannot wear most types of armour.
You are very stealthy in the water. (Stealth+)
You are amphibious.
You can wear up to eight rings at the same time.
You can use your tentacles to constrict eight enemies at once.
Your skin changes colour to match your surroundings (Stealth+).
Your rubbery body absorbs attacks. (AC +1, EV +1)
One of your tentacles bears a large vicious spike.


Message History

The bolt of acid misses your adder. The bolt of acid hits you!
You are splashed with acid!
The acid burns!
* * * LOW HITPOINT WARNING * * *
It is a wand of acid (7).
Your adder bites Ijyb but does no damage.
Your adder bites the withered plant but does no damage.
Your ball python bites Ijyb but does no damage.
Your ball python constricts Ijyb.
Ijyb closely misses you.
Your adder bites Ijyb but does no damage.
Your adder bites the withered plant but does no damage.
Your ball python bites Ijyb.
Your ball python constricts Ijyb.
You barely miss Ijyb.
Ijyb is lightly wounded.
Your adder bites Ijyb but does no damage.
Your adder bites the withered plant but does no damage.
Ijyb zaps a wand.
The bolt of acid hits you!
* * * LOW HITPOINT WARNING * * *
You are splashed with acid!
The acid burns!
You die...

.. ####.# ...?.
###...#######
.....P.P@...#
.P..P.gS...#
#.....#PPPS...#
#....###.S.####
#P..........#
#...........#
#P##.._..##.#
#.#...... #.#
#.#########.#########


You could see Ijyb, 2 friendly adders and a friendly ball python.

Vanquished Creatures
  An iguana (D:2)
  Robin (D:2)
  4 adders
  2 worms (D:2)
  A dart slug (D:1)
  7 giant cockroaches
  7 goblins
  7 hobgoblins
  2 jackals (D:1)
  8 kobolds
  A ball python (D:1)
  8 bats
  3 frilled lizards
  A rat (D:2)
53 creatures vanquished.

Vanquished Creatures (collateral kills)
  6 goblins (D:3)
6 creatures vanquished.

Grand Total: 59 creatures vanquished

Notes
Turn   | Place    | Note
-------+----------+-------------------------------------------
     0 | D:1      | LLavrengius the Octopode Transmuter began the quest for the Orb.
     0 | D:1      | Reached XP level 1. HP: 13/13 MP: 3/3
   192 | D:1      | Reached XP level 2. HP: 16/18 MP: 5/5
   204 | D:1      | Learned a level 2 spell: Sticks to Snakes
   889 | D:1      | Reached XP level 3. HP: 7/24 MP: 1/6
  1407 | D:2      | Reached XP level 4. HP: 18/29 MP: 5/7
  1412 | D:2      | Learned a level 3 spell: Spider Form
  1774 | D:2      | Reached skill level 1 in Poison Magic
  2375 | D:3      | Noticed Robin
  2388 | D:3      | Reached XP level 5. HP: 33/34 MP: 1/8
  2427 | D:2      | Killed Robin
  2708 | D:3      | Found an ancient bone altar of Kikubaaqudgha.
  2710 | D:3      | Noticed Ijyb
  2720 | D:3      | Splashed by Ijyb's acid

Vault maps used:
D:1:      nzn_arrival_water_spiral
D:2:      st_stairs_2
D:3:      kiku_gazebo_garden_becter, first_ration, uniq_sigmund, uniq_robin,
          uniq_ijyb

Skill      XL: |  1  2  3  4 |
---------------+-------------+-----
Transmutations | 3 |  3.8
Fighting       | 2 |  2.2
Poison Magic   | 1 |  1.6
Dodging        | |  2.0
Unarmed Combat | |  3.6
Spellcasting   | |  2.0

Action                   |  1- 3 |  4- 6 || total
-------------------------+-------+-------++-------
Melee: Unarmed           |    64 |    33 ||    97
       Constrict         |    18 |    11 ||    29
       Tentacles         |    12 |    10 ||    22
       Kick              |     9 |     7 ||    16
       Punch             |     1 |       ||     1
       Short sword       |       |     8 ||     8
Throw: Stone             |       |     1 ||     1
 Cast: Beastly Appendage |    14 |    13 ||    27
       Sticks to Snakes  |     2 |     9 ||    11
  Use: Potion            |     1 |       ||     1
 Stab: Sleeping          |     2 |     6 ||     8
  Eat: Chunk             |     2 |     5 ||     7
Armor: Skin              |    10 |     3 ||    13
Dodge: Dodged            |    48 |    23 ||    71

Table legend:
 A = Spawn XP
 B = Non-spawn XP
 C = Spawn XP percentage of total XP
 D = Spawn monster count
 E = Non-spawn monster count
 F = Spawn count percentage of total count
 G = Total turns spent on level
                    A         B        C        D         E        F      G
               +---------+---------+-------+---------+---------+-------+---------
         Total |       0 |     192 |   0.0 |       0 |      59 |   0.0 |  2720
               +---------+---------+-------+---------+---------+-------+---------
           D:1 |       0 |      44 |   0.0 |       0 |      18 |   0.0 |  1159
           D:2 |       0 |     128 |   0.0 |       0 |      28 |   0.0 |  1330
           D:3 |       0 |      20 |   0.0 |       0 |      13 |   0.0 |   231
               +---------+---------+-------+---------+---------+-------+---------
